 Dungeon Crawl Stone Soup version 0.24-a0-201-gf205589 (webtiles) character file.

Game seed: 16440678616749905681

2403 Borgoz the Skirmisher (level 9, 0/79 HPs)
             Began as a Ghoul Monk on Mar 22, 2019.
             Was a Believer of Ashenzari.
             Slain by an orc warrior
             ... wielding a +0 trident
              (5 damage)
             ... on level 7 of the Dungeon.
             The game lasted 00:13:30 (6073 turns).

Borgoz the Skirmisher (Ghoul Monk)                  Turns: 6073, Time: 00:13:31

Health: 0/79       AC: 10    Str: 15    XL:     9   Next: 47%
Magic:  8/8        EV: 13    Int:  8    God:    Ashenzari [**....]
Gold:   328        SH:  0    Dex: 11    Spells: 8/8 levels left

rFire    + . .     SeeInvis .   g - +3 short sword (venom)
rCold    + . .     Gourm    .   (no shield)
rNeg     + + +     Faith    .   j - +0 scale mail
rPois    ∞         Spirit   .   a - +0 helmet
rElec    .         Reflect  .   C - +1 cloak {rPois}
rCorr    .         Harm     .   (no gloves)
MR       .....                  (no boots)
Stlth    ++........             (no amulet)
HPRegen  0.00/turn              w - +2 ring of evasion
MPRegen  0.11/turn              n - ring of protection from fire

@: rotting, slowed, very slow
A: rotting body, claws 1, carnivore, cold resistance 1, negative energy
resistance 3, inhibited regeneration, torment resistance, unbreathing
a: Curse Item, Scrying, Renounce Religion


You were on level 7 of the Dungeon.
You worshipped Ashenzari.
Ashenzari was pleased with you.
You were not hungry.

You visited 2 branches of the dungeon, and saw 8 of its levels.
You also visited: Sewer.

You collected 542 gold pieces.
You spent 214 gold pieces at shops.

Inventory:

Hand Weapons
 g - a +3 short sword of venom (weapon)
 h - a +0 dagger of protection
 k - a +0 rapier
 y - a +1 dagger of speed
 B - a +2 quarterstaff of chaos
Missiles
 e - 7 javelins
 m - 5 tomahawks (quivered)
Armour
 a - a +0 helmet (worn)
 j - a +0 scale mail (worn)
 C - a +1 cloak of poison resistance (worn)
Jewellery
 n - a ring of protection from fire (right claw)
 u - an uncursed ring of protection from cold
 w - a +2 ring of evasion (left claw)
Wands
 d - a wand of iceblast (7)
 x - a wand of flame (23)
Scrolls
 b - 5 scrolls of teleportation
 f - a scroll of remove curse
 i - 2 scrolls of noise {unknown}
 l - 2 scrolls of blinking
 o - a scroll of enchant armour {unknown}
 q - 6 scrolls of fear
 t - 2 scrolls of fog
 v - 3 scrolls of magic mapping
Potions
 p - a potion of flight
 s - a potion of curing {unknown}
 z - 4 potions of might
 A - a potion of haste
Comestibles
 c - 18 rations
 r - a chunk of flesh


   Skills:
 + Level 7.0 Fighting
 + Level 6.5 Short Blades
 + Level 4.8 Armour
 + Level 5.8 Dodging
 - Level 5.6 Stealth


You had 8 spell levels left.
You didn't know any spells.
Your spell library contained the following spells:

 Spells                   Type           Power        Failure   Level  Hunger
 Animate Skeleton         Necr           N/A          83%         1    ##.....
 Pain                     Necr           #...         83%         1    ##.....
 Regeneration             Chrm/Necr      #.........   99%         3    ####...
 Vampiric Draining        Necr           #.........   99%         3    ####...
 Animate Dead             Necr           N/A          100%        4    #####..


Dungeon Overview and Level Annotations

Branches:
Dungeon (7/15)             Temple (1/1) D:5

Altars:
Ashenzari
Cheibriados
Dithmenos
Elyvilon
Fedhas
Gozag
Hepliaklqana
Kikubaaqudgha
Makhleb
Nemelex Xobeh
Okawaru
Qazlal
Ru
Sif Muna
Trog
Uskayaw
Vehumet
Wu Jian
Xom
Yredelemnul
Zin
The Shining One

Shops:
D:4 (%%!   D:5 :*[


Innate Abilities, Weirdness & Mutations

Your body is rotting away.
You thrive on raw meat.
You are immune to poison.
You have sharp fingernails.
You are carnivorous and can eat meat at any time.
Your flesh is cold resistant. (rC+)
You are immune to negative energy. (rN+++)
You do not regenerate when monsters are visible.
You are immune to unholy pain and torment.
You can survive without breathing.


Message History

You hit the orc.
You kill the orc!
The orc warrior hits you from afar with a +0 trident!
* * * LOW HITPOINT WARNING * * *
The orc warrior hits you from afar with a +0 trident!
* * * LOW HITPOINT WARNING * * *
Things that are here:
a +0 dagger; a cursed +0 robe; an orc corpse You butcher the orc corpse.
The orc warrior hits you from afar with a +0 trident.
* * * LOW HITPOINT WARNING * * *
Items here: % ) [ ÷ a +0 dagger; a cursed +0 robe; a chunk of flesh; an orc skeleton
Okay, then.
Eat one of 2 chunks of flesh? (ye/n/q)
You eat one of the 2 chunks of flesh.
This raw flesh tastes great!
The orc warrior hits you from afar with a +0 trident.
* * * LOW HITPOINT WARNING * * *
The orc warrior hits you from afar with a +0 trident.
You die...

#..........# #..........#
#..........# #..........#
#[.........# ##........##
####** ##........##
#....#######..........# *
*#....)oo)@............#
*
......#####............#
##..., ∆ ..............#
# # , .... *
#..............# ,..#
##.,, #..####...÷....##
..########..##*##......##
,,,........... ,*#.######
* * #........# #.#
#.).....# #.#


You could see an orc warrior and an orc.

Vanquished Creatures
  2 sky beasts (D:6)
  3 orc warriors
  3 ice beasts
  4 ogres
  A big kobold (Sewer)
  A bullfrog (D:7)
  A scorpion (D:6)
  A wyvern skeleton (D:6)
  3 crimson imps
  2 centaur zombies (D:6)
  2 bullfrog skeletons (D:4)
  A jelly (D:6)
  5 orc wizards
  Crazy Yiuf (D:6)
  An orc priest (D:6)
  4 iguanas
  10 worker ants
  A hound skeleton (D:4)
  11 adders
  8 gnolls (D:6)
  A shadow imp (D:6)
  4 oozes
  3 worms
  A dart slug (D:1)
  3 leopard geckos
  6 orcs
  A ball python (Sewer)
  6 giant cockroaches
  7 goblins
  7 hobgoblins
  6 jackals
  6 quokkas
  5 bats
  9 frilled lizards
  12 kobolds
  A leopard gecko zombie (D:6)
  2 quokka skeletons (D:4)
  13 rats
158 creatures vanquished.

Notes
Turn   | Place    | Note
-------+----------+-------------------------------------------
     0 | D:1      | Borgoz the Ghoul Monk began the quest for the Orb.
     0 | D:1      | Reached XP level 1. HP: 19/19 MP: 0/0
   145 | D:1      | Reached XP level 2. HP: 19/26 MP: 1/1
   766 | D:2      | Found a hide-covered altar of Uskayaw.
   769 | D:2      | Reached XP level 3. HP: 25/31 MP: 2/2
   844 | D:2      | Reached skill level 1 in Armour
   894 | D:2      | Found a basalt altar of Yredelemnul.
   944 | D:2      | Reached XP level 4. HP: 12/40 MP: 3/3
  1146 | D:2      | Found a faded altar of an unknown god.
  1338 | D:3      | Reached skill level 4 in Fighting
  1344 | D:3      | Reached XP level 5. HP: 41/46 MP: 4/4
  1455 | D:3      | Found an iron altar of Okawaru.
  1909 | D:4      | Noticed an ogre
  1923 | D:4      | Killed an ogre
  1923 | D:4      | Reached XP level 6. HP: 19/53 MP: 5/5
  2239 | D:4      | Found Vydis's Food Shop.
  2292 | D:4      | Found Qeinang's Weapon Boutique.
  2371 | D:4      | Found Qusoirhe's Food Emporium.
  2443 | D:4      | Found Hayh's Distillery.
  2446 | D:4      | Bought a potion of heal wounds for 70 gold pieces
  2578 | D:4      | Found an iron altar of Okawaru.
  2578 | D:4      | Found a blossoming altar of Fedhas.
  2607 | D:5      | Entered Level 5 of the Dungeon
  2698 | D:5      | Reached XP level 7. HP: 43/59 MP: 6/6
  2742 | D:5      | Found Ismerph's Book Emporium.
  2831 | D:5      | Found a glowing drain.
  2834 | D:5      | Reached skill level 5 in Short Blades
  2847 | Sewer    | Entered a sewer
  2969 | Sewer    | Reached skill level 5 in Fighting
  3290 | D:5      | Found a shattered altar of Ashenzari.
  3313 | D:5      | Became a worshipper of Ashenzari the Shackled
  3313 | D:5      | Reached * piety under Ashenzari
  3313 | D:5      | Reached ** piety under Ashenzari
  3401 | D:5      | Found Kiug's Assorted Antiques.
  3417 | D:5      | Bought a scroll of identify for 48 gold pieces
  3417 | D:5      | Bought a scroll of identify for 48 gold pieces
  3417 | D:5      | Bought a scroll of identify for 48 gold pieces
  3428 | D:5      | Found a bloodstained altar of Trog.
  3511 | D:5      | Reached XP level 8. HP: 40/68 MP: 7/7
  3748 | D:5      | Found Popehex's Armour Emporium.
  3806 | D:5      | Found a staircase to the Ecumenical Temple.
  3817 | Temple   | Entered the Ecumenical Temple
  4950 | D:6      | Reached skill level 6 in Fighting
  4950 | D:6      | Reached skill level 5 in Dodging
  5180 | D:6      | Reached XP level 9. HP: 34/78 MP: 8/8
  5440 | D:6      | Reached skill level 5 in Stealth
  5457 | D:6      | Found a runed translucent door.
  5458 | D:6      | Noticed Crazy Yiuf
  5816 | D:6      | Killed Crazy Yiuf
  6059 | D:7      | Reached skill level 7 in Fighting
  6071 | D:7      | HP: 1/79 [orc warrior/+0 trident (4)]
  6073 | D:7      | Slain by an orc warrior

Levels and vault maps discovered:
D:1:      roderic_octagonal_star, layout_loops_ring
D:2:      layout_rooms, eat_drink_and_be_merry_uskayaw,
          nicolae_overflow_crystal_walls, first_ration,
          chequers_ecumenical_altar_grove
D:3:      layout_basic, kennysheep_okawaru_gauntlet
D:4:      layout_basic, gammafunk_temple_overflow_wave, serial_shops, shop,
          shop, nicolae_shop_behind_doors, nicolae_shop_trees,
          small_statue_intersection
D:5:      layout_basic, kennysheep_mini_moat, lemuel_doored_altar,
          minmay_temple_entry_nine_rooms, serial_shops, nicolae_shop_trees,
          nicolae_shop_behind_doors, shop_coins, portal_sewer_entry_f
D:6:      kennysheep_six_static_rooms, layout_basic, uniq_crazy_yiuf_cottage
D:7:      layout_rooms, the_bakery
Temple:   eino_temple_rhombus
Sewer:    sewer_co_15_rooms

Skill      XL: |  1  2  3  4  5  6  7  8  9 |
---------------+----------------------------+-----
Short Blades   | 3 4 5 6 |  6.5
Armour         | 1 2 3 4 |  4.8
Dodging        | 3 4 5 |  5.8
Fighting       | 4 5 6 7 |  7.0
Stealth        | 3 4 5 |  5.6

Action                   |  1- 3 |  4- 6 |  7- 9 || total
-------------------------+-------+-------+-------++-------
Melee: Short sword       |   140 |   134 |   364 ||   638
Throw: Tomahawk          |       |     3 |       ||     3
  Use: Scroll            |       |    12 |     4 ||    16
       Potion            |       |       |     5 ||     5
 Stab: Sleeping          |       |       |     1 ||     1
  Eat: Chunk             |     6 |     6 |    33 ||    45
Armor: Robe              |    10 |       |       ||    10
       Scale mail        |    33 |    39 |   113 ||   185
Dodge: Dodged            |    89 |    58 |   198 ||   345

Table legend:
 A = Non-vault XP
 B = Vault XP
 C = Vault XP percentage of total XP
 D = Non-vault monster count
 E = Vault monster count
 F = Vault count percentage of total count
                 A         B        C        D         E       F
            +---------+---------+-------+---------+---------+-------
      Total |    2846 |     588 |  17.1 |     129 |      29 |  18.4
            +---------+---------+-------+---------+---------+-------
        D:1 |      29 |       0 |   0.0 |      18 |       0 |   0.0
        D:2 |     112 |       0 |   0.0 |      25 |       0 |   0.0
        D:3 |      76 |       4 |   5.0 |      18 |       2 |  10.0
        D:4 |     346 |       0 |   0.0 |      12 |       0 |   0.0
        D:5 |     454 |      10 |   2.2 |      10 |       4 |  28.6
        D:6 |    1025 |     406 |  28.4 |      31 |       5 |  13.9
        D:7 |     804 |       0 |   0.0 |      15 |       0 |   0.0
      Sewer |       0 |     168 | 100.0 |       0 |      18 | 100.0
            +---------+---------+-------+---------+---------+-------
